Map: Moonlight Madness LE (Void)

Players

HyuN

  • Race: Zerg Zerg
  • League: Master

Reality - Winner!

  • Race: Terran Terran
  • League: Master

Event: Team Gravity's Fight Night #37

VOD

https://youtu.be/dH7_hsdymMo?t=1h24m58s

Description

Time

  • Played on: Oct. 31, 2015, 9:11 p.m.
  • Length: 9:27

All games in this series

Show
View Real Time Build Order
Export as new Build Order

HyuN Zerg 

Build Orders: Hatch First, Roach Nydus 

Get SALT Encoding   

  12  0:00  Drone  
  13  0:12  Overlord  
  13  0:17  Drone  
  14  0:30  Drone x2  
  14  0:35  Drone  
  17  0:52  Hatchery  
  17  0:54  Drone  
  17  0:58  Drone  
  18  1:07  Extractor  
  17  1:12  Spawning Pool  
  17  1:15  Drone  
  17  1:19  Drone  
  18  1:28  Drone  
  19  1:38  Overlord  
  19  1:58  Queen  
  19  1:59  Zergling x2  
  19  2:00  Zergling x2  
  23  2:04  Queen  
  23  2:06  Zergling x2  
  26  2:13  Overlord  
  26  2:15  Drone  
  27  2:23  Drone  
  27  2:26  Drone  
  29  2:34  Drone  
  29  2:38  Drone  
  29  2:39  Queen  
  29  2:43  Drone  
  33  2:47  Lair  
  33  2:49  Overlord  
  33  2:54  Drone  
  34  2:59  Drone  
  34  3:03  Extractor  
  34  3:05  Drone  
  35  3:06  Drone  
  35  3:07  Drone x2  
  35  3:08  Drone  
  40  3:12  Drone  
  40  3:13  Drone  
  40  3:14  Drone  
  42  3:21  Drone  
  43  3:27  Roach Warren  
  42  3:36  Drone x2  
  42  3:38  Queen  
  42  3:40  Overlord  
  46  3:48  Overlord  
  46  3:51  Nydus Network  
  45  4:04  Queen  
  47  4:12  Roach  
  47  4:13  Roach x6  
  61  4:24  Overlord x3  
  61  4:28  Nydus Canal  
  61  4:43  Overlord  
  61  4:47  Roach x2  
  61  4:48  Roach x4  
  67  4:56  Drone  
  67  4:57  Drone x4  
  64  5:03  Overseer  
  64  5:06  Hatchery  
  63  5:08  Drone x2  
  65  5:16  Glial Reconstitution  
  65  5:20  Drone x4  
  69  5:23  Overlord  
  69  5:29  Overlord  
  69  5:32  Extractor  
  69  5:33  Drone x4, Extractor  
  71  5:37  Metabolic Boost  
  71  5:40  Drone  
  71  5:42  Drone  
  73  5:54  Drone  
  73  5:55  Drone x3, Spore Crawler  
  76  6:01  Drone x4, Baneling Nest  
  79  6:08  Evolution Chamber  
  79  6:09  Drone  
  79  6:10  Drone  
  80  6:11  Evolution Chamber  
  80  6:13  Drone  
  80  6:18  Drone  
  81  6:23  Overlord  
  80  6:30  Queen x2  
  80  6:32  Overlord x3  
  83  6:38  Zergling x2  
  83  6:39  Zergling x6  
  72  7:09  Drone  
  72  7:10  Drone x11  
  83  7:19  Zerg Ground Armor Level 1, Zerg Melee Weapons Level 1  
  83  7:22  Centrifical Hooks  
  77  7:51  Drone x3  
  77  7:52  Drone x9  
  84  8:14  Roach  
  84  8:15  Roach x5  
  94  8:25  Roach x2  
  98  8:40  Zergling x4  
  99  8:42  Baneling  
  99  8:43  Hatchery, Baneling x5  
  99  8:45  Queen  
  100  8:48  Hatchery  
  100  8:51  Overlord  
  99  9:08  Baneling x3  
Show
View Real Time Build Order
Export as new Build Order

Reality Terran - Winner!

Build Orders: Reaper Expand, Bio Tank, MMM Bio 

Get SALT Encoding   

  12  0:00  SCV  
  13  0:12  SCV  
  14  0:17  Supply Depot  
  14  0:25  SCV  
  15  0:38  SCV  
  15  0:40  Barracks  
  16  0:43  Refinery  
  16  0:51  SCV  
  17  1:03  SCV  
  18  1:15  SCV  
  19  1:27  Reaper, Orbital Command  
  20  1:38  Command Center  
  20  1:49  Supply Depot  
  20  1:53  SCV  
  21  1:59  Marine  
  22  2:05  SCV  
  22  2:06  Factory  
  23  2:17  SCV  
  23  2:21  Refinery  
  23  2:22  Barracks Reactor  
  24  2:29  SCV  
  25  2:42  SCV  
  26  2:53  Starport  
  26  2:54  SCV  
  26  2:56  Orbital Command  
  27  2:59  Marine x2  
  27  3:00  Factory Tech Lab  
  29  3:06  SCV  
  29  3:10  Supply Depot  
  30  3:17  Marine x2  
  30  3:18  SCV  
  33  3:21  Siege Tank  
  33  3:23  SCV  
  33  3:26  Supply Depot  
  37  3:30  SCV  
  38  3:35  SCV, Viking  
  38  3:37  Marine x2  
  43  3:41  Supply Depot  
  43  3:43  SCV  
  43  3:47  SCV  
  45  3:55  SCV, Marine x2  
  48  3:58  Siege Tank  
  48  3:59  SCV  
  52  4:05  Supply Depot  
  52  4:07  SCV  
  52  4:09  Liberator  
  53  4:12  SCV  
  54  4:19  SCV  
  54  4:20  Supply Depot  
  54  4:23  Marine  
  56  4:30  SCV  
  59  4:31  Supply Depot  
  59  4:32  SCV, Refinery  
  60  4:40  Marine  
  60  4:42  SCV  
  60  4:44  SCV  
  53  4:54  SCV  
  53  4:56  SCV  
  52  5:02  Marine  
  53  5:08  SCV  
  53  5:10  SCV  
  53  5:11  Command Center  
  53  5:13  Refinery  
  55  5:14  Medivac x2  
  55  5:20  SCV  
  60  5:22  SCV, Barracks Tech Lab  
  60  5:26  Supply Depot  
  61  5:29  Supply Depot  
  61  5:32  SCV  
  61  5:34  SCV  
  63  5:37  Barracks  
  63  5:38  Barracks  
  63  5:41  Marine  
  63  5:42  Stimpack  
  64  5:44  SCV  
  64  5:47  SCV, Siege Tank  
  69  5:55  Engineering Bay  
  69  5:56  SCV  
  70  5:58  Engineering Bay  
  70  5:59  SCV, Marine  
  72  6:05  Medivac x2  
  72  6:11  SCV  
  77  6:12  SCV  
  77  6:16  Marine  
  79  6:19  Siege Tank  
  79  6:23  SCV  
  83  6:26  Barracks Reactor  
  83  6:27  Barracks Reactor  
  83  6:31  SCV  
  84  6:35  Marauder  
  84  6:36  SCV  
  87  6:43  SCV  
  88  6:48  Terran Infantry Weapons Level 1, SCV, Terran Infantry Armor Level 1, Orbital Command  
  88  6:53  Barracks  
  88  6:54  Supply Depot, Barracks  
  89  6:55  SCV, Supply Depot  
  89  6:56  Marauder  
  89  7:00  SCV  
  93  7:05  Marine x3  
  93  7:07  SCV  
  97  7:11  Marine  
  97  7:12  SCV  
  97  7:13  Siege Tank  
  97  7:14  Medivac  
  97  7:15  Medivac  
  106  7:17  Marine  
  106  7:21  Orbital Command  
  106  7:22  Supply Depot  
  107  7:23  Marine x3  
  107  7:27  SCV  
  107  7:28  Marine  
  107  7:29  SCV  
  113  7:35  Marine  
  114  7:40  Marine  
  114  7:41  Refinery  
  114  7:42  Combat Shields  
  114  7:43  Marine x2  
  118  7:44  Supply Depot  
  118  7:45  Barracks Reactor, Supply Depot  
  118  7:47  Barracks Reactor  
  118  7:49  Marine  
  118  7:51  SCV  
  118  7:52  SCV x2  
  118  7:53  Marauder  
  118  7:55  Supply Depot, Siege Tank  
  118  7:56  Medivac  
  128  8:01  Marine x3  
  128  8:05  SCV x2  
  133  8:07  Marine  
  133  8:10  Supply Depot  
  133  8:12  Supply Depot  
  134  8:13  Barracks  
  134  8:14  Barracks x2, Marine  
  134  8:19  Marine x3  
  138  8:23  Supply Depot  
  138  8:25  Marine  
  139  8:28  Medivac x2  
  139  8:30  Siege Tank  
  139  8:32  Marauder  
  148  8:34  Marine  
  148  8:35  Supply Depot, Marine x2  
  148  8:36  Marine  
  148  8:37  Marine  
  153  8:45  Marine  
  153  8:46  Marine x2  
  156  8:52  Marine  
  156  8:53  Marine x2  
  156  8:54  Armory, Marine, Marauder  
  156  8:55  Marine  
  167  9:03  Marine  
  167  9:04  Marine x2  
  167  9:07  SCV x2  
  167  9:09  Barracks Tech Lab  

Tags
 
Add a new tag
Caveats
  • Supply blocks, unpowered buildings, or Contaminate may cause inaccurate times.
  • Supply counts are checked every 10 seconds.